 Dungeon Crawl Stone Soup version 0.24-a0-574-g7d3d5a4 (webtiles) character file.

Game seed: 10887219966513767180

87 Spazmo the Magician (level 4, -2/24 HPs)
             Began as a Deep Elf Fire Elementalist on Aug 20, 2019.
             Killed from afar by Grinder (8 damage)
             ... with a puff of flame
             ... on level 3 of the Dungeon.
             The game lasted 00:04:31 (1906 turns).

Spazmo the Magician (Deep Elf Fire Elementalist)    Turns: 1906, Time: 00:04:32

Health: -2/24      AC:  3    Str: 10    XL:     4   Next: 28%
Magic:  3/12       EV: 12    Int: 21    God:
Gold:   113        SH:  4    Dex: 20    Spells: 1/11 levels left

rFire    . . .     SeeInvis .   h - +0 long sword
rCold    . . .     Gourm    .   f - +0 buckler
rNeg     . . .     Faith    .   a - +1 robe
rPois    .         Spirit   .   (no helmet)
rElec    .         Reflect  .   (no cloak)
rCorr    .         Harm     .   (no gloves)
MR       .....                  (no boots)
Stlth    ++........             (no amulet)
HPRegen  0.08/turn              g - +5 ring of dexterity
MPRegen  0.13/turn              n - +5 ring of strength

@: no status effects
A: no striking features
a: no special abilities


You were on level 3 of the Dungeon.
You were not hungry.

You visited 1 branch of the dungeon, and saw 3 of its levels.

You collected 113 gold pieces.

Inventory:

Hand Weapons
 h - a +0 long sword (weapon)
Missiles
 l - 153 stones (quivered)
Armour
 a - a +1 robe (worn)
 f - a +0 buckler (worn)
Jewellery
 g - a +5 ring of dexterity (left hand)
 n - a +5 ring of strength (right hand)
Scrolls
 i - 3 scrolls of identify
 j - 3 scrolls of teleportation
 p - a scroll of amnesia {unknown}
Potions
 b - 2 potions of heal wounds
 e - a potion of invisibility {unknown}
 k - a potion of curing {unknown}
 m - a potion of agility {unknown}
 o - a potion of haste {unknown}
Comestibles
 c - 6 rations
 d - 2 chunks of flesh


   Skills:
 - Level 2.4 Dodging
 - Level 2.4 Stealth
 + Level 4.2 Spellcasting
 + Level 2.7 Conjurations
 + Level 4.2 Fire Magic


You had one spell level left.
You knew the following spells:

 Your Spells              Type           Power        Failure   Level  Hunger
a - Flame Tongue          Conj/Fire      ###..        4%          1    None
b - Throw Flame           Conj/Fire      ###...       7%          2    #......
c - Conjure Flame         Conj/Fire      ###.....     14%         3    ###....
d - Sticky Flame          Conj/Fire      ###.....     41%         4    ####...

Your spell library contained the following spells:

 Spells                   Type           Power        Failure   Level  Hunger
 Inner Flame              Hex/Fire       ##......     24%         3    ###....
 Fireball                 Conj/Fire      ###.......   77%         5    ######.


Dungeon Overview and Level Annotations

Branches:
Dungeon (3/15)

Altars:
Ashenzari
Fedhas
Sif Muna
Yredelemnul

Annotations:
D:3 Grinder


Message History

Casting: Flame Tongue (safe; 4% risk of failure)
Confirm with . or Enter, or press ? or * to list all spells.
Aiming: Flame Tongue (safe; 4% risk of failure)
Press: ? - help, Shift-Dir - straight line, f/p - Grinder
Aim: Grinder, carrying a wand of flame (9) (heavily wounded)
The flame tongue hits Grinder!
Grinder is severely wounded.
Casting: Flame Tongue (safe; 4% risk of failure)
Confirm with . or Enter, or press ? or * to list all spells.
You don't have enough magic to cast that spell.
Unknown command.
Casting: Flame Tongue (safe; 4% risk of failure)
Confirm with . or Enter, or press ? or * to list all spells.
Aiming: Flame Tongue (safe; 4% risk of failure)
Press: ? - help, Shift-Dir - straight line, f/p - Grinder
Aim: Grinder, carrying a wand of flame (9) (severely wounded)
The flame tongue hits Grinder!
Grinder is almost dead.
Grinder zaps a wand.
The puff of flame hits you!
You die...

#### ..# #.#
########.##
#.r...5@#.##
#.####.###># #
###..#.##############
...................รท..
.#
.###..################
.### #.. # ...## #.
.... .. ..# .#


You could see Grinder and a rat.

Vanquished Creatures
  2 adders (D:3)
  An ooze (D:1)
  2 dart slugs (D:1)
  A leopard gecko (D:2)
  An orc (D:3)
  12 bats
  3 giant cockroaches (D:1)
  6 goblins
  5 hobgoblins
  2 jackals (D:2)
  A quokka (D:3)
  5 frilled lizards
  9 kobolds
  11 rats
61 creatures vanquished.

Notes
Turn   | Place    | Note
-------+----------+-------------------------------------------
     0 | D:1      | Spazmo the Deep Elf Fire Elementalist began the quest for
                  | the Orb.
     0 | D:1      | Reached XP level 1. HP: 10/10 MP: 6/6
   207 | D:1      | Reached XP level 2. HP: 15/15 MP: 6/8
   211 | D:1      | Learned a level 2 spell: Throw Flame
   408 | D:1      | Reached XP level 3. HP: 19/19 MP: 6/10
   413 | D:1      | Learned a level 3 spell: Conjure Flame
   693 | D:2      | You fall into a shaft and drop 1 floor!
   911 | D:3      | Reached XP level 4. HP: 24/24 MP: 9/12
   920 | D:3      | Learned a level 4 spell: Sticky Flame
  1006 | D:2      | Found a basalt altar of Yredelemnul.
  1069 | D:2      | Found a blossoming altar of Fedhas.
  1069 | D:2      | Found a shimmering blue altar of Sif Muna.
  1333 | D:2      | Found a shattered altar of Ashenzari.
  1898 | D:3      | Noticed Grinder
  1906 | D:3      | Killed from afar by Grinder

Levels and vault maps discovered:
D:1:      minmay_arrival_solitary_statue, layout_loops_cross, minmay_misc_feat_x
D:2:      layout_loops_ring, nicolae_ashenzari_panopticon, lemuel_round_altar,
          gammafunk_temple_overflow_wave, first_ration
D:3:      layout_loops_ring, uniq_grinder

Skill      XL: |  1  2  3 |
---------------+----------+-----
Conjurations   | 2 |  2.7
Spellcasting   | 4 |  4.2
Fire Magic     | 4 |  4.2
Dodging        | |  2.4
Stealth        | |  2.4

Action                   |  1- 3 |  4- 6 || total
-------------------------+-------+-------++-------
 Cast: Flame Tongue      |    60 |    28 ||    88
       Throw Flame       |     1 |     3 ||     4
  Use: Scroll            |     6 |       ||     6
  Eat: Chunk             |       |     3 ||     3
Armor: Robe              |     3 |     1 ||     4
Dodge: Dodged            |    10 |     6 ||    16
Block: Buckler           |       |     4 ||     4

Table legend:
 A = Non-vault XP
 B = Vault XP
 C = Vault XP percentage of total XP
 D = Non-vault monster count
 E = Vault monster count
 F = Vault count percentage of total count
                 A         B        C        D         E       F
            +---------+---------+-------+---------+---------+-------
      Total |     125 |       0 |   0.0 |      61 |       0 |   0.0
            +---------+---------+-------+---------+---------+-------
        D:1 |      54 |       0 |   0.0 |      30 |       0 |   0.0
        D:2 |      28 |       0 |   0.0 |      19 |       0 |   0.0
        D:3 |      43 |       0 |   0.0 |      12 |       0 |   0.0
            +---------+---------+-------+---------+---------+-------
